 Dungeon Crawl Stone Soup version 0.23-b1-6-ga921848b48 (webtiles) character file.

Game seed: 13517687062732416266

63575 u8DcoWsLy the Bludgeoner (level 15, -6/186 HPs)
             Began as a Human Berserker on Feb 1, 2019.
             Was a High Priest of Trog.
             Succumbed to a sea snake's poison
             ... on level 1 of the Shoals on Feb 2, 2019.
             The game lasted 01:58:37 (26708 turns).

u8DcoWsLy the Bludgeoner (Human Berserker)         Turns: 26708, Time: 01:58:37

Health: -6/186     AC: 16    Str: 27    XL:     15   Next: 50%
Magic:  8/15       EV: 13    Int:  9    God:    Trog [*****.]
Gold:   1698       SH: 16    Dex: 18    Spells: 14/14 levels left

rFire    + + .     SeeInvis .   e - +0 morningstar (holy)
rCold    . . .     Gourm    .   D - +0 large shield
rNeg     + . .     Faith    .   s - +0 plate armour {rF+}
rPois    .         Spirit   +   N - +0 helmet (curse)
rElec    .         Reflect  +   h - scarf {Spirit}
rCorr    .         Harm     .   B - +0 pair of gloves
MR       +....                  (no boots)
Stlth    ..........             F - +3 amulet of reflection
HPRegen  0.41/turn              b - ring "Ronlaydgh" {Str+3 Stlth+}
MPRegen  0.14/turn              S - ring "Judoemym" {rF+ rN+ EV+5 Int+2}

@: berserking (expiring), lethally poisoned (-6 -> -133), slowed
A: no striking features
a: Berserk, Trog's Hand, Brothers in Arms, Renounce Religion


You were on level 1 of the Shoals.
You worshipped Trog.
Trog was extremely pleased with you.
You were full.

You visited 4 branches of the dungeon, and saw 19 of its levels.
You also visited: Gauntlet and Ice Cave.

You collected 2083 gold pieces.
You spent 385 gold pieces at shops.

Inventory:

Hand Weapons
 e - a +0 morningstar of holy wrath (weapon)
 k - a +2 great mace of protection
 y - a +4 demon whip of electrocution
Missiles
 d - 18 tomahawks (quivered)
Armour
 h - a scarf of spirit shield (worn)
 s - a +0 plate armour of fire resistance (worn)
 B - a +0 pair of gloves (worn)
 D - a +0 large shield (worn)
 N - a cursed +0 helmet (worn)
Jewellery
 b - the ring "Ronlaydgh" (left hand) {Str+3 Stlth+}
   (You found it in a Gauntlet)

   [ring of stealth]

   It affects your strength (+3).
   It makes you more stealthy.
 t - an uncursed ring of positive energy
 F - a +3 amulet of reflection (around neck)
 J - an uncursed amulet of the gourmand
 S - the ring "Judoemym" (right hand) {rF+ rN+ EV+5 Int+2}
   (You found it in a Gauntlet)

   [ring of evasion]

   It affects your evasion (+5).
   It affects your intelligence (+2).
   It protects you from fire.
   It protects you from negative energy.
 U - an uncursed ring of protection from cold
Wands
 i - a wand of disintegration (20)
 j - a wand of scattershot (4)
 m - a wand of flame (14)
 w - a wand of polymorph (2)
 A - a wand of iceblast (16)
 E - a wand of enslavement (6)
 K - a wand of acid (7)
 P - a wand of paralysis (6)
Scrolls
 f - 12 scrolls of teleportation
 g - 7 scrolls of remove curse
 o - a scroll of fear
 p - 6 scrolls of enchant weapon
 x - 3 scrolls of magic mapping
 z - a scroll of blinking
 C - 3 scrolls of fog
 I - a scroll of summoning {unknown}
 V - a scroll of acquirement {unknown}
 W - a scroll of enchant armour
Potions
 a - 2 potions of cancellation
 l - a potion of lignification {unknown}
 n - 2 potions of flight
 q - 2 potions of curing
 r - a potion of mutation {unknown}
 u - a potion of invisibility {unknown}
 v - 2 potions of resistance
 G - 4 potions of brilliance
 H - 3 potions of might
 O - a potion of berserk rage
Comestibles
 c - 30 rations


   Skills:
 * Level 13.6 Fighting
 + Level 18.2 Maces & Flails
 + Level 8.8 Armour
 + Level 8.6 Dodging
 - Level 0.7 Stealth


You had 14 spell levels left.
You didn't know any spells.
Your spell library was empty.

Dungeon Overview and Level Annotations

Branches:
Dungeon (10/15)            Temple (0/1) D:6            Lair (6/6) D:9
 Shoals (1/4) Lair:3       Spider (0/4) Lair:2        Slime (0/5) Lair:5
    Orc (2/2) D:10            Elf (0/3) Orc:2

Altars:
Ashenzari
Cheibriados
Dithmenos
Fedhas
Gozag
Nemelex Xobeh
Qazlal
Sif Muna
Wu Jian
Xom
Jiyva

Shops:
Orc:2 *:[:?

Annotations:
D:6 2 runed translucent doors, Crazy Yiuf; Goblin1989's ghost, novice DDFi
D:8 Prince Ribbit
D:9 2 transporters, eskilway's ghost, novice TrMo
D:10 2 transporters, Tali's ghost, novice DsBe


Message History

* * * LOW HITPOINT WARNING * * *
You feel extremely sick. The sea snake bites you!
* * * LOW HITPOINT WARNING * * *
You are more poisoned.
The sea snake poisons you!
You miss the sea snake.
The sea snake is almost dead.
* * * LOW HITPOINT WARNING * * *
You feel extremely sick. You block the sea snake's attack.
You bludgeon the sea snake!!
You kill the sea snake!
Trog accepts your kill.
* * * LOW HITPOINT WARNING * * *
You feel extremely sick.
* * * LOW HITPOINT WARNING * * *
You feel extremely sick.
You feel a strong urge to attack something.
You die...

#....≈≈≈.....#
..######.≈≈≈.# #.≈....# ###
##.≈≈≈.###.≈≈≈..# ##
#..≈≈≈≈......≈..#
.######..≈≈≈≈....≈≈≈..##
....†)...≈≈≈≈≈.. ≈≈....###
....##...≈≈≈≈(≈≈ .....(.##
....###.≈≈≈≈≈≈≈≈###((≈....#
....###.≈≈≈≈≈≈≈.@##).≈...#
....^#..≈P≈≈≈≈≈≈.(.)≈≈≈≈.#
≈..≈...≈.≈≈≈≈≈≈≈())≈≈≈≈≈.#
≈≈.≈.P.≈≈≈≈≈P≈≈≈(≈≈≈≈≈≈≈...
≈≈≈≈..≈≈≈P≈≈≈≈≈≈(≈≈≈≈≈≈≈...
≈≈≈≈≈≈≈≈≈≈≈.≈...(≈≈≈≈≈≈≈≈≈≈
≈≈≈≈P≈≈≈≈≈#####).≈≈≈≈≈≈≈≈≈≈
≈≈≈≈P≈≈≈≈..# ##.≈≈≈≈≈≈≈≈≈≈
≈≈≈≈≈≈PPPP.#####.≈≈.≈≈≈≈≈≈≈


There were no monsters in sight!

Vanquished Creatures
  Rupert (Lair:6)
  A minotaur (Gauntlet)
  A dire elephant (Gauntlet)
  2 hydras
  A centaur warrior (Orc:2)
  2 two-headed ogres
  Urug (Lair:2)
  Sonja (Orc:2)
  A fire crab (Gauntlet)
  2 sea snakes (Shoals:1)
  Pikel (D:9)
  2 orc knights (Orc:2)
  3 orc sorcerers
  A necromancer (IceCv)
  2 manticores
  4 fauns (Shoals:1)
  4 black mambas
  3 ice statues (IceCv)
  17 spiny frogs
  8 elephants
  10 rime drakes
  8 komodo dragons
  10 ice devils (IceCv)
  A queen bee (Lair:3)
  A merfolk (Shoals:1)
  4 trolls
  5 tyrant leeches
  A hornet (Lair:3)
  21 blink frogs
  A snapping turtle (Shoals:1)
  13 hippogriffs
  Sigmund (D:6)
  6 wyverns (Lair:5)
  A tarantella (Lair:2)
  21 yaks
  3 hogs (D:9)
  7 basilisks
  6 fire bats (Gauntlet)
  A human (D:9)
  Menkaure (D:6)
  6 vampire mosquitoes
  5 wargs (Orc:1)
  15 water moccasins
  2 hell hounds (Gauntlet)
  10 porcupines
  27 orc warriors
  10 ice beasts
  2 sky beasts
  8 ogres
  15 centaurs
  7 crocodiles
  Blork the orc (D:6)
  3 big kobolds
  26 bullfrogs
  A gnoll sergeant (D:9)
  6 scorpions
  19 killer bees
  9 wights
  A crimson imp (D:8)
  3 draconian simulacra (IceCv)
  A howler monkey (D:4)
  A centaur zombie (D:7)
  2 bullfrog zombies
  A quasit (D:10)
  2 jellies
  9 orc wizards
  A bullfrog skeleton (D:7)
  2 centaur skeletons
  7 orc priests
  6 hounds
  2 gnoll shamans
  5 iguanas
  11 worker ants
  2 troll simulacra (IceCv)
  A killer bee zombie (D:9)
  A centaur simulacrum (IceCv)
  2 hound skeletons
  23 gnolls
  An ogre simulacrum (IceCv)
  8 adders
  3 naga simulacra (IceCv)
  3 shadow imps
  An ooze (D:6)
  2 adder skeletons
  An adder zombie (D:9)
  5 worms
  5 dart slugs
  4 leopard geckos
  47 orcs
  3 ball pythons
  4 bats
  8 giant cockroaches
  7 goblins
  10 hobgoblins
  5 jackals (D:1)
  23 kobolds
  2 quokkas
  5 frilled lizards
  A quokka zombie (D:6)
  10 rats
593 creatures vanquished.

Vanquished Creatures (others)
  A faun (Shoals:1)
  An orc (Orc:2)
  23 fungi
  44 plants
69 creatures vanquished.

Grand Total: 662 creatures vanquished

Notes
Turn   | Place    | Note
-------+----------+-------------------------------------------
     0 | D:1      | u8DcoWsLy the Human Berserker began the quest for the Orb.
     0 | D:1      | Reached XP level 1. HP: 18/18 MP: 1/1
   123 | D:1      | Reached XP level 2. HP: 23/24 MP: 2/2
   408 | D:1      | Reached XP level 3. HP: 28/29 MP: 3/3
   540 | D:1      | Reached ** piety under Trog
   573 | D:1      | Reached skill level 4 in Maces & Flails
   783 | D:2      | Reached XP level 4. HP: 25/35 MP: 4/4
  1132 | D:2      | Reached XP level 5. HP: 31/42 MP: 5/5
  1813 | D:3      | Found an opulent altar of Gozag.
  1827 | D:3      | Reached skill level 5 in Maces & Flails
  1827 | D:3      | Reached XP level 6. HP: 30/48 MP: 6/6
  2096 | D:3      | Reached *** piety under Trog
  2169 | D:3      | You fall through a shaft for 3 floors!
  2228 | D:6      | Noticed Menkaure
  2234 | D:6      | Killed Menkaure
  2234 | D:6      | Reached skill level 6 in Maces & Flails
  2234 | D:6      | Reached XP level 7. HP: 43/54 MP: 7/7
  2349 | D:5      | Entered Level 5 of the Dungeon
  2436 | D:5      | Noticed a water moccasin
  2457 | D:4      | Killed a water moccasin
  2462 | D:4      | Found a blossoming altar of Fedhas.
  2842 | D:4      | Reached XP level 8. HP: 61/61 MP: 8/8
  2916 | D:4      | Reached skill level 7 in Maces & Flails
  2926 | D:4      | Found a shattered altar of Ashenzari.
  3568 | D:4      | Found a shadowy altar of Dithmenos.
  3805 | D:5      | Found a shimmering altar of Xom.
  4102 | D:5      | Reached skill level 5 in Fighting
  4280 | D:5      | Got a scintillating brass amulet
  4822 | D:6      | Noticed Blork the orc
  4831 | D:6      | Killed Blork the orc
  4831 | D:6      | Reached skill level 8 in Maces & Flails
  4893 | D:6      | Noticed Sigmund
  4936 | D:6      | Killed Sigmund
  4936 | D:6      | Reached XP level 9. HP: 21/68 MP: 3/9
  5263 | D:6      | Found a runed translucent door.
  5264 | D:6      | Noticed Crazy Yiuf
  5325 | D:6      | Found a staircase to the Ecumenical Temple.
  5344 | D:6      | Found a snail-covered altar of Cheibriados.
  5579 | D:6      | Found a runed translucent door.
  5582 | D:6      | Noticed Goblin1989's ghost (novice DDFi)
  5803 | D:7      | Reached skill level 5 in Armour
  5823 | D:7      | Reached **** piety under Trog
  6007 | D:7      | Identified the amulet of Sailal {rC+ MR+ Regen+ Str-2 SInv}
                  | (You found it on level 5 of the Dungeon)
  6053 | D:7      | Reached skill level 5 in Dodging
  6146 | D:7      | Reached skill level 9 in Maces & Flails
  6776 | D:8      | Reached XP level 10. HP: 53/77 MP: 7/10
  7010 | D:8      | Noticed Prince Ribbit
  7315 | D:8      | Reached skill level 10 in Maces & Flails
  8009 | D:8      | Found a deep blue altar of Sif Muna.
  8205 | D:8      | Found an ornate altar of the Wu Jian Council.
  8576 | D:9      | Noticed a komodo dragon
  8590 | D:9      | Found a transporter.
  8590 | D:9      | Noticed eskilway's ghost (novice TrMo)
  8590 | D:9      | Noticed a moth of wrath
  8591 | D:9      | Noticed a komodo dragon
  8612 | D:9      | Found a transporter.
  8710 | D:9      | Found a sparkling altar of Nemelex Xobeh.
  8745 | D:9      | Found a staircase to the Lair.
  8784 | D:9      | Identified the +10 short sword "Banisher" {freeze, rF-
                  | Str+8 Stlth+}
  9262 | D:9      | Noticed Pikel
  9268 | D:9      | Killed Pikel
  9268 | D:9      | Reached skill level 11 in Maces & Flails
  9268 | D:9      | Reached XP level 11. HP: 85/85 MP: 11/11
  9331 | D:9      | Found a stormy altar of Qazlal.
  9358 | D:9      | Reached ***** piety under Trog
  9577 | D:10     | Entered Level 10 of the Dungeon
  9942 | D:10     | Received a gift from Trog
 10003 | D:10     | Noticed a two-headed ogre
 10014 | D:10     | Killed a two-headed ogre
 10127 | D:10     | Noticed Tali's ghost (novice DsBe)
 10128 | D:10     | Found a transporter.
 10129 | D:10     | Found a transporter.
 10194 | D:10     | Reached skill level 12 in Maces & Flails
 10242 | D:10     | Noticed a tengu reaver
 10334 | D:10     | Found a staircase to the Orcish Mines.
 10800 | Lair:1   | Entered Level 1 of the Lair of Beasts
 11815 | Lair:2   | Reached XP level 12. HP: 60/96 MP: 7/12
 11980 | Lair:2   | Reached skill level 13 in Maces & Flails
 12066 | Lair:2   | Noticed Urug
 12108 | Lair:2   | Killed Urug
 12831 | Lair:2   | Found a hole to the Spider Nest.
 12836 | Lair:2   | Reached skill level 10 in Fighting
 14202 | Lair:3   | Reached skill level 14 in Maces & Flails
 15201 | Lair:3   | Found a staircase to the Shoals.
 16099 | Lair:4   | Noticed a seven-headed hydra
 16112 | Lair:4   | Killed a seven-headed hydra
 16813 | Lair:5   | Reached XP level 13. HP: 105/105 MP: 13/13
 16833 | Lair:5   | Noticed an eight-headed hydra
 16841 | Lair:5   | Killed an eight-headed hydra
 16942 | Lair:5   | Found a gate leading to a gauntlet.
 16954 | Gauntlet | Entered a Gauntlet
 16954 | Gauntlet | Found a transporter.
 16954 | Gauntlet | Found a transporter.
 16968 | Gauntlet | Noticed a dire elephant
 16969 | Gauntlet | Found a transporter.
 16973 | Gauntlet | Found a transporter.
 16983 | Gauntlet | Found a transporter.
 17004 | Gauntlet | Found a transporter.
 17011 | Gauntlet | Found a transporter.
 17024 | Gauntlet | Found a transporter.
 17030 | Gauntlet | Found a transporter.
 17078 | Gauntlet | Killed a dire elephant
 17078 | Gauntlet | Reached skill level 15 in Maces & Flails
 17300 | Gauntlet | Got a slimy jade amulet
 17302 | Gauntlet | Got a faintly glowing bone ring
 17334 | Gauntlet | Identified the amulet of Mud Laq {Faith rF+} (You found it
                  | in a Gauntlet)
 17336 | Gauntlet | Identified the ring "Judoemym" {rF+ rN+ EV+5 Int+2} (You
                  | found it in a Gauntlet)
 17466 | Gauntlet | Got a pitted granite ring
 17478 | Gauntlet | Identified the +6 hunting sling of True Grit {velocity,
                  | Stlth+}
 17478 | Gauntlet | Noticed a minotaur
 17514 | Gauntlet | Killed a minotaur
 18091 | Lair:5   | Found a viscous altar of Jiyva.
 18091 | Lair:5   | Found a staircase to the Slime Pits.
 18205 | Lair:5   | Reached skill level 16 in Maces & Flails
 18768 | Lair:6   | Entered Level 6 of the Lair of Beasts
 18826 | Lair:6   | Found a frozen archway.
 18882 | Lair:6   | Reached XP level 14. HP: 68/115 MP: 10/14
 18916 | IceCv    | Entered an ice cave
 20055 | IceCv    | Identified the ring "Ronlaydgh" {Str+3 Stlth+} (You found
                  | it in a Gauntlet)
 20103 | IceCv    | HP: 5/116 [ice devil (10)]
 20314 | IceCv    | Reached skill level 17 in Maces & Flails
 21655 | Lair:6   | Noticed Rupert
 22607 | Lair:6   | Killed Rupert
 22607 | Lair:6   | Received a gift from Trog
 23519 | Lair:6   | Reached XP level 15. HP: 58/123 MP: 8/15
 23927 | Orc:1    | Entered Level 1 of the Orcish Mines
 24080 | Orc:2    | Entered Level 2 of the Orcish Mines
 24100 | Orc:2    | Found Atwy's Assorted Antiques.
 24103 | Orc:2    | Noticed Sonja
 24119 | Orc:2    | Killed Sonja
 24137 | Orc:2    | Bought a potion of curing for 75 gold pieces
 24137 | Orc:2    | Bought a scroll of identify for 50 gold pieces
 24137 | Orc:2    | Bought a murky inky potion for 22 gold pieces
 24142 | Orc:2    | Found a staircase to the Elven Halls.
 24604 | Orc:2    | Reached skill level 18 in Maces & Flails
 24951 | Orc:2    | Found Moneq's Book Shoppe.
 24951 | Orc:2    | Found Jibeussigyo's Armour Shop.
 24953 | Orc:2    | Found Ycew's Book Boutique.
 24957 | Orc:2    | Found Fyota's Magic Scroll Emporium.
 24979 | Orc:2    | Bought 2 scrolls of identify for 56 gold pieces
 24979 | Orc:2    | Bought a scroll of enchant armour for 105 gold pieces
 24979 | Orc:2    | Bought a scroll of identify for 28 gold pieces
 24979 | Orc:2    | Bought a scroll of amnesia for 49 gold pieces
 26377 | Shoals:1 | Entered Level 1 of the Shoals
 26650 | Shoals:1 | Received a gift from Trog
 26707 | Shoals:1 | HP: 4/186 [poisoned by a sea snake]
 26708 | Shoals:1 | Succumbed to a sea snake's poison

Skill      XL: |  1  2  3  4  5  6  7  8  9 10 11 12 13 14 15 |
---------------+----------------------------------------------+-----
Maces & Flails | 4 5 6 8 9 11 12 14 16 17 18 | 18.2
Fighting       | 4 5 6 7 9 10 12 13 | 13.6
Armour         | 3 4 5 6 8 |  8.8
Dodging        | 3 4 5 6 7 8 |  8.6
Stealth        | |  0.7

Action                   |  1- 3 |  4- 6 |  7- 9 | 10-12 | 13-15 || total
-------------------------+-------+-------+-------+-------+-------++-------
Melee: Mace              |    98 |    26 |       |       |       ||   124
       Flail             |       |   109 |   495 |   291 |       ||   895
       Great mace        |       |       |       |   554 |   550 ||  1104
       Morningstar       |       |       |       |       |   646 ||   646
Throw: Tomahawk          |       |       |       |       |    10 ||    10
Invok: Berserk           |     1 |     4 |     4 |    11 |    12 ||    32
       Trog's Hand       |       |       |     2 |     3 |    10 ||    15
Evoke: Wand              |       |       |       |     2 |     6 ||     8
  Use: Scroll            |       |       |    10 |       |    20 ||    30
       Potion            |       |       |     2 |     9 |    10 ||    21
 Stab: Paralysed         |       |       |       |       |     4 ||     4
  Eat: Ration            |       |     2 |     3 |       |     3 ||     8
       Chunk             |       |     2 |    23 |    36 |    51 ||   112
Armor: Animal skin       |     6 |       |       |       |       ||     6
       Scale mail        |    38 |    56 |    97 |       |       ||   191
       Chain mail        |       |       |   115 |       |       ||   115
       Plate armour      |       |       |    52 |   616 |   511 ||  1179
Dodge: Dodged            |    75 |    83 |   215 |   542 |   649 ||  1564
Block: Other             |       |       |       |       |    43 ||    43
       Large shield      |       |       |       |       |   442 ||   442
       Reflection        |       |       |       |       |    15 ||    15
